 Dungeon Crawl Stone Soup version 0.26.1-11-gd32895ea62 (webtiles) character file.

Game seed: 5753562426260393391

74 Zeld the Grasshopper (level 4, 0/29 HPs)
             Began as an Octopode Warper on May 16, 2021.
             Slain by a jackal (2 damage)
             ... on level 4 of the Dungeon.
             The game lasted 00:01:01 (935 turns).

Zeld the Grasshopper (Octopode Warper)               Turns: 935, Time: 00:01:02

Health: 0/29       AC:  1    Str: 11    XL:     4   Next: 28%
Magic:  7/7        EV: 13    Int: 15    God:
Gold:   62         SH:  0    Dex: 11    Spells: 8/8 levels left

rFire    . . .     SeeInvis .   a - +0 mace
rCold    . . .     Faith    .   (no shield)
rNeg     . . .     Spirit   .   (helmet restricted)
rPois    .         Reflect  .   (no amulet)
rElec    .         Harm     .   (no ring)
rCorr    .         Rampage  .   (no ring)
Will     .....                  (no ring)
Stlth    ++........             (no ring)
HPRegen  0.09/turn              (no ring)
MPRegen  0.10/turn              (no ring)
                                (no ring)
                                (no ring)

@: no status effects
A: almost no armour, stealthy swim, amphibious, 8 rings, constrict 8, camouflage
1, gelatinous body 1
a: no special abilities


You were on level 4 of the Dungeon.
You visited 1 branch of the dungeon, and saw 4 of its levels.

You collected 62 gold pieces.

Inventory:

Hand Weapons
 a - a +0 mace (weapon)
Missiles
 b - 5 boomerangs of dispersal (quivered)
Scrolls
 c - 2 scrolls of blinking
 d - a scroll of fear {unknown}
 e - a scroll of remove curse {unknown}
 f - a scroll of identify {unknown}
 g - a scroll of fog {unknown}
 h - a scroll of teleportation {unknown}


   Skills:
 - Level 2.0 Fighting
 * Level 3.4 Maces & Flails
 - Level 1.0 Throwing
 - Level 2.3 Dodging
 + Level 2.6 Spellcasting
 + Level 3.5 Translocations


You had 8 spell levels left.
You didn't know any spells.
Your spell library contained the following spells:

 Spells                   Type           Power        Failure   Level
 Blink                    Tloc           N/A          8%          2
 Gell's Gravitas          Tloc           6%           14%         3
 Lesser Beckoning         Tloc           6%           14%         3
 Teleport Other           Tloc           12%          14%         3
 Passage of Golubria      Tloc           N/A          43%         4


Dungeon Overview and Level Annotations

Branches:
Dungeon (4/15)
 Temple: D:4-7

Altars:


Innate Abilities, Weirdness & Mutations

You cannot wear most types of armour.
You are very stealthy in the water. (Stealth+)
You are amphibious.
You can wear up to eight rings at the same time.
You can use your tentacles to constrict eight enemies at once.
Your skin changes colour to match your surroundings (Stealth+).
Your rubbery body absorbs attacks. (AC +1, EV +1)


Message History

The jackal bites you.
* * * LOW HITPOINT WARNING * * *
There is an open door here.
You are too injured to fight recklessly!
You closely miss the jackal. You grab the jackal. You squeeze the jackal.
The jackal is severely wounded.
You constrict the jackal, but do no damage.
The jackal barely misses you.
The jackal struggles to escape constriction.
You hit the jackal.
You kill the jackal!
The jackal completely misses you. The jackal barely misses you.
You closely miss the jackal. Your grab misses the jackal.
The jackal closely misses you. The jackal barely misses you.
The jackal bites you.
* * * LOW HITPOINT WARNING * * *
The jackal bites you.
* * * LOW HITPOINT WARNING * * *
The jackal bites you.
You die...

##........ #..#...... #
###..####### ..#
###....#
....#######......#
.................#
.................#
...###h########## #.h@h#
.. #....# ... #....#
....#....# ##
....#...###############.
....'...##..............
....#...##.......#......
...##...##.......#......
...#.....#.......'......


You could see 3 jackals.

Vanquished Creatures
  A hound (D:4)
  An iguana (D:4)
  An adder (D:4)
  A giant cockroach (D:4)
  A goblin (D:1)
  A hobgoblin (D:3)
  A jackal (D:4)
  A quokka (D:3)
  4 rats
12 creatures vanquished.

Vanquished Creatures (others)
  2 plants (D:3)
2 creatures vanquished.

Grand Total: 14 creatures vanquished

Notes
Turn   | Place    | Note
-------+----------+-------------------------------------------
     0 | D:1      | Zeld the Octopode Warper began the quest for the Orb.
     0 | D:1      | Reached XP level 1. HP: 14/14 MP: 3/3
   421 | D:3      | Reached XP level 2. HP: 12/19 MP: 5/5
   661 | D:4      | Reached XP level 3. HP: 12/24 MP: 6/6
   919 | D:4      | Reached XP level 4. HP: 18/29 MP: 7/7
   935 | D:4      | Slain by a jackal

Illustrated notes

Levels and vault maps discovered:
D:1:      dpeg_arrival_radiant, layout_loops_ring,
          amcnicky_mini_corridor_feature, grunt_decor_mini_mirrors,
          xom_teletrap_fun
D:2:      layout_basic, serial_aquarium, aquarium_bridge_island_small
          [aquarium_subvault_small_open, aquarium_subvault_wall,
          aquarium_subvault_bridge, aquarium_subvault_window,
          aquarium_subvault_bridge], aquarium_window_1, aquarium_window_fake,
          aquarium_view_2c, aquarium_view_2d, kennysheep_generic_room_11,
          uniq_jessica, uniq_natasha
D:3:      layout_rooms, makhleb_blood_cavern_becter,
          chequers_ecumenical_altar_lobes, dk_yredelemnul_ordeal
D:4:      gammafunk_steamed_eel, layout_gridville, kennysheep_ying_yang

Skill      XL: |  1  2  3 |
---------------+----------+-----
Maces & Flails | 3 |  3.4
Fighting       | |  2.0
Throwing       | |  1.0
Dodging        | |  2.3
Spellcasting   | |  2.6
Translocations | |  3.5

Action                   |  1- 3 |  4- 6 || total
-------------------------+-------+-------++-------
Melee: Mace              |    35 |     4 ||    39
       Constrict         |     9 |     1 ||    10
       Tentacles         |     5 |     1 ||     6
Armor: Skin              |     3 |       ||     3
Dodge: Dodged            |    33 |    13 ||    46
